AoeStats
← rolca

Arena

503901111Analyzed
4v4 RM · 1mo ago on Sep 2, 2026· 36m 9s· 8 players
Game mode
Random Map
Map size
Large (8 player)
Population
200
Speed
Normal
Resources
Standard
Victory
Conquest
Starting age
Dark Age
Ending age
Imperial Age
RankedLock teamsTeams togetherTeam positionsShared explorationLock speedFull tech treeHidden civsTurbo modeCheats
Victory
Defeat
🇫🇷 Persians · France
970
+13
🇯🇵 Khmer · Japan
942
+14
🇧🇷 Magyars · Brazil
936
+15
🇺🇸 Cumans · United States
910
+16
🇩🇪 Malians · Germany
938
-16
🇧🇪 Koreans · Belgium
924
-15
🇻🇪 Goths · Venezuela
899
-14
🇺🇸 Celts · United States
872
-13
EyesOfWar
11:33 Feudal Age
15:00 Loom
17:30 Castle Age
16:11 Wheelbarrow
16:10 Double-Bit Axe
16:37 Horse Collar
19:54 Squires
20:02 Scale Mail Armor
21:54 Arson
25:38 Heavy Plow
25:30 Gold Mining
27:51 Fletching
29:14 Pikeman
34:05 Imperial Age
31:58 Forging
32:30 Chain Mail Armor
32:52 Bow Saw
33:20 Murder Holes
35:11 Conscription
36:02 Chemistry
rolca
1:12 Loom
12:02 Feudal Age
13:04 Horse Collar
19:11 Castle Age
17:25 Stone Mining
18:26 Gold Mining
19:03 Double-Bit Axe
20:31 Pikeman
21:29 Heavy Plow
27:03 Squires
32:16 Imperial Age
30:55 Bow Saw
32:36 Halberdier
34:00 Wheelbarrow
Exkahlibu600er
10:38 Feudal Age
11:32 Double-Bit Axe
18:52 Castle Age
17:22 Horse Collar
19:14 Stone Mining
20:33 Wheelbarrow
20:02 Gold Mining
20:50 Stone Shaft Mining
20:26 Heavy Plow
26:30 Loom
28:26 Scale Mail Armor
29:23 Forging
29:29 Chain Mail Armor
30:09 Gold Shaft Mining
30:44 Hand Cart
34:25 Imperial Age
33:31 Iron Casting
35:52 Plate Mail Armor
35:14 Fletching
35:57 Crop Rotation
35:38 Elite Gbeto
guilleaj
1:06 Loom
2:40 Loom
11:34 Feudal Age
12:13 Double-Bit Axe
11:59 Man-at-Arms
13:14 Horse Collar
13:54 Town Watch
19:01 Scale Mail Armor
29:00 Castle Age
34:20 Wheelbarrow
Generic Noob
0:25 Loom
10:25 Feudal Age
12:18 Man-at-Arms
14:44 Double-Bit Axe
22:32 Castle Age
21:14 Fletching
23:43 Bow Saw
23:16 Horse Collar
23:25 Crossbowman
27:14 Loom
28:04 Wheelbarrow
27:17 Town Watch
27:27 Gold Mining
27:30 Stone Mining
30:29 Bloodlines
32:44 Hand Cart
36:39 Scale Barding Armor
Al-Ma'idah Castrum
9:27 Feudal Age
8:31 Loom
9:52 Double-Bit Axe
10:39 Horse Collar
21:21 Castle Age
19:18 Gold Mining
19:50 Stone Mining
21:03 Scale Barding Armor
22:31 Bow Saw
27:22 Chain Barding Armor
28:29 Fletching
kokokun
6:50 Loom
13:23 Feudal Age
14:52 Double-Bit Axe
15:11 Horse Collar
17:48 Castle Age
17:36 Wheelbarrow
17:43 Gold Mining
17:47 Stone Mining
19:23 Bow Saw
19:33 Heavy Plow
28:04 Stone Shaft Mining
29:29 Husbandry
29:40 Bloodlines
35:40 Scale Barding Armor
35:46 Forging
38:11 Imperial Age
35:59 Hand Cart
Zephyr
9:46 Feudal Age
11:27 Double-Bit Axe
16:38 Castle Age
14:32 Horse Collar
15:40 Gold Mining
20:32 Stone Mining
21:35 Wheelbarrow
20:49 Town Watch
20:55 Loom
23:07 Stone Shaft Mining
23:05 Hand Cart
23:47 Heavy Plow
23:59 Bow Saw
30:03 Imperial Age
27:27 Fletching
27:48 Forging
27:43 Scale Barding Armor
27:39 Scale Mail Armor
28:55 Gold Shaft Mining
27:56 Pikeman
30:39 Chain Barding Armor
32:31 Two-Man Saw
31:54 Ballistics
32:39 Chemistry
31:36 Murder Holes
32:13 Ballistics
32:31 Iron Casting
31:50 Heavy Camel Rider
33:34 Conscription
33:14 Gambesons
32:49 Man-at-Arms
34:08 Squires
34:37 Crossbowman
35:23 Thumb Ring
Connection lost

Rejoining the realm…

Still unreachable

The connection could not be restored.

Session expired

The server has moved on; the page needs a fresh start.